 Dungeon Crawl Stone Soup version 0.31-a0-1025-g2e47921a08 (webtiles) character file.

Game seed: 8569985278718317901

805 Monkfish the Covert (level 8, -12/48 HPs)
             Began as a Kobold Monk on Nov 18, 2023.
             Killed by divine providence
             ... invoked by an orc priest
              (13 damage)
             ... on level 5 of the Dungeon.
             The game lasted 00:09:14 (5193 turns).

Monkfish the Covert (Kobold Monk)                   Turns: 5193, Time: 00:09:14

Health: -12/48     AC:  6    Str:  8    XL:     8   Next: 14%
Magic:  0/8        EV: 16    Int: 11    God:
Gold:   292        SH:  0    Dex: 20    Spells: 7/7 levels left

rFire   . . .        q - +0 rapier
rCold   + . .        (no shield)
rNeg    . . .        m - +2 leather armour {Will+}
rPois   .            (no helmet)
rElec   .            e - +0 cloak
rCorr   .            (no gloves)
SInv    .            (no boots)
Will    +....        g - amulet of guardian spirit
Stlth   +++++        i - ring of protection from cold
HPRegen 0.28/turn    k - ring of flight
MPRegen 0.11/turn

%: guardian spirit
@: flying
A: small, no large weapons, nightstalker 3
a: no special abilities


You were on level 5 of the Dungeon.
You visited 1 branch of the dungeon, and saw 5 of its levels.

You collected 292 gold pieces.

Inventory:

Hand Weapons
 q - a +0 rapier (weapon)
Missiles
 h - a throwing net
Armour
 d - an orb of light
 e - a +0 cloak (worn)
 m - a +2 leather armour of willpower (worn)
Jewellery
 g - an amulet of guardian spirit (around neck)
 i - a ring of protection from cold (left hand)
 k - a ring of flight (right hand)
 l - a ring of protection from fire
Scrolls
 n - 3 scrolls of fear
Potions
 a - a potion of degeneration {unknown}
 b - a potion of might {unknown}
 c - a potion of ambrosia
 j - 2 potions of enlightenment
 o - a potion of berserk rage {unknown}
 p - 2 potions of invisibility
 r - a potion of heal wounds {unknown}
 s - a potion of lignification


   Skills:
 + Level 4.1 Fighting
 * Level 7.1 Short Blades
 + Level 2.1 Armour
 + Level 4.6 Dodging
 * Level 8.0 Stealth


You had 7 spell levels left.
You didn't know any spells.
Your spell library contained the following spells:

 Spells                   Type           Power      Damage    Failure   Level
 Sandblast                Erth           0%         2d4       45%         1
 Passwall                 Tmut/Erth      0%         N/A       58%         2
 Stone Arrow              Conj/Erth      0%         3d7       83%         3
 Brom's Barrelling Bould  Conj/Erth      0%         2d3       99%         4


Dungeon Overview and Level Annotations

Branches:
Dungeon (5/15)
 Temple: D:4-7

Altars:
Elyvilon
Fedhas
Qazlal
Xom


Innate Abilities, Weirdness & Mutations

You are small and have problems with some larger weapons.
You are completely attuned to the shadows.


Message History

The orc priest is heavily wounded.
The orc priest closely misses you.
You hit the orc priest.
The orc priest is severely wounded.
The orc priest misses you.
You hit the orc priest but do no damage.
The orc priest is severely wounded.
The orc priest mumbles some strange prayers to Beogh against you.
Beogh smites you!
You barely miss the orc priest.
The orc priest is severely wounded.
You closely miss the orc priest.
The orc priest is severely wounded.
The orc priest hits you but does no damage.
You hit the orc priest but do no damage.
The orc priest is severely wounded.
The orc priest invokes the aid of Beogh against you.
Beogh smites you!
* * * LOW HITPOINT WARNING * * *
You hit the orc priest but do no damage.
The orc priest is severely wounded.
The orc priest hits you but does no damage.
You barely miss the orc priest.
The orc priest is severely wounded.
The orc priest mumbles some strange prayers to Beogh against you.
Beogh smites you!
* * * LOW HITPOINT WARNING * * *
You hit the orc priest but do no damage.
The orc priest is severely wounded.
The orc priest barely misses you.
You barely miss the orc priest.
The orc priest is severely wounded.
The orc priest hits you but does no damage.
You hit the orc priest.
The orc priest is almost dead.
You hit the orc priest but do no damage.
The orc priest is almost dead.
The orc priest invokes the aid of Beogh against you.
Beogh smites you!
You die... #...####.#### #... ............. #.#.. ...# .........#### ..#. .......#.# #oo

.....#.#.# #..###)#
#.## .......#.#
###......# #...
#...####.###.#
##.#..###.....#######
....@................
.#..o.#...#.#########
#....##..#.#
#......#..#)#
#..##..##.#.# ..
#).#)#.# ..#
##..#)#.#
#..##..##)#.#
#....o.#..#.#


You could see an orc priest.

Vanquished Creatures
  Eustachio (D:5)
  2 ogres
  A scorpion (D:4)
  A hound (D:5)
  A jelly (D:5)
  A gnoll bouda (D:5)
  Jessica (D:2)
  2 orc wizards (D:5)
  The ghost of Cris the Ducker, a weakling DsGl (D:4)
  12 gnolls
  4 adders
  A worm (D:2)
  A dart slug (D:4)
  11 orcs
  8 ball pythons
  9 bats
  9 endoplasms
  5 giant cockroaches
  6 hobgoblins
  A jackal (D:1)
  8 kobolds
  6 quokkas
  2 frilled lizards
  8 goblins
  5 rats
107 creatures vanquished.

Notes
Turn   | Place    | Note
-------+----------+-------------------------------------------
     0 | D:1      | Monkfish the Kobold Monk began the quest for the Orb.
     0 | D:1      | Reached XP level 1. HP: 14/14 MP: 1/1
    72 | D:1      | Reached XP level 2. HP: 19/19 MP: 2/2
   206 | D:1      | Reached skill level 1 in Stealth
   477 | D:1      | Reached XP level 3. HP: 23/23 MP: 3/3
  1077 | D:2      | Reached skill level 2 in Stealth
  1179 | D:2      | Found a faded altar of an unknown god.
  1188 | D:2      | Reached skill level 5 in Short Blades
  1188 | D:2      | Reached XP level 4. HP: 28/28 MP: 4/4
  1211 | D:2      | Prayed at the altar of an unknown god.
  1211 | D:2      | Became a worshipper of Elyvilon the Healer
  1211 | D:2      | Reached * piety under Elyvilon
  1211 | D:2      | Reached ** piety under Elyvilon
  1277 | D:2      | Noticed Jessica
  1280 | D:2      | Killed Jessica
  1281 | D:2      | Reached skill level 3 in Stealth
  1283 | D:2      | Fell from the grace of Elyvilon
  1483 | D:2      | Reached XP level 5. HP: 28/33 MP: 5/5
  2014 | D:3      | Noticed an ogre
  2016 | D:3      | Killed an ogre
  2017 | D:3      | Reached skill level 4 in Stealth
  2070 | D:3      | Reached skill level 5 in Stealth
  2092 | D:3      | Reached XP level 6. HP: 38/38 MP: 6/6
  2347 | D:3      | Found a shimmering altar of Xom.
  2347 | D:3      | Found a stormy altar of Qazlal.
  2431 | D:3      | You are sucked into a shaft and drop 2 floors!
  2431 | D:5      | Entered Level 5 of the Dungeon
  3230 | D:4      | Reached skill level 6 in Stealth
  3778 | D:4      | Found a blossoming altar of Fedhas.
  4042 | D:4      | Reached skill level 1 in Armour
  4091 | D:4      | Reached XP level 7. HP: 35/42 MP: 7/7
  4298 | D:4      | Found a large runed translucent door.
  4299 | D:4      | Found a large runed translucent door.
  4517 | D:4      | Noticed Cris's ghost (weakling DsGl)
  4521 | D:4      | Killed Cris's ghost
  4726 | D:5      | Reached skill level 7 in Stealth
  4953 | D:5      | Noticed Eustachio
  4959 | D:5      | Killed Eustachio
  4960 | D:5      | Reached XP level 8. HP: 48/48 MP: 8/8
  4988 | D:5      | Found a white marble altar of Elyvilon.
  5110 | D:5      | Reached skill level 8 in Stealth
  5189 | D:5      | HP: 1/48 [orc priest/divine providence (10)]
  5193 | D:5      | Killed from afar by an orc priest

Illustrated notes

Levels and vault maps discovered:
D:1:      eino_arrival_water_cross, layout_loops_ring,
          chequers_serial_rivers_small_a, st_stairs_8, minmay_quantized
D:2:      layout_loops_ring, basic_ecumenical_altar, corexii_shack,
          hangedman_decor_growths, minmay_tromino_v2, uniq_jessica
D:3:      layout_loops_cross, gammafunk_temple_overflow_wave
D:4:      layout_loops_corners, fedhas_altar_3, ebering_ghost_disaster_area
D:5:      layout_loops_ring, nicolae_elyvilon_peaceful_grove,
          minmay_misc_feat_iff, grunt_ministairs_5, uniq_eustachio

Skill      XL: |  1  2  3  4  5  6  7  8 |
---------------+-------------------------+-----
Stealth        | 1 2 3 5 6 7 8 |  8.0
Dodging        | 4 |  4.6
Short Blades   | 5 6 7 |  7.1
Armour         | 1 2 |  2.1
Fighting       | 4 |  4.1

Action                     |  1- 3 |  4- 6 |  7- 9 || total
---------------------------+-------+-------+-------++-------
  Melee: Short sword       |    95 |   209 |    60 ||   364
         Punch             |       |     4 |       ||     4
         Rapier            |       |       |    67 ||    67
 Invoke: Renounce Religion |       |     1 |       ||     1
    Use: Scroll            |     2 |    12 |     1 ||    15
         Potion            |     1 |       |     2 ||     3
   Stab: Sleeping          |    19 |    25 |     8 ||    52
         Distracted        |       |     3 |       ||     3
 Armour: Robe              |    16 |       |       ||    16
         Leather armour    |       |    86 |    48 ||   134
  Dodge: Dodged            |    44 |   162 |    67 ||   273

Table legend: (Time is in decaauts)
 A = Elapsed time spent in this place.
 B = Non-inter-level travel time spent in this place.
 C = Inter-level travel time spent in this place.
 D = Time resting spent in this place.
 E = Time spent auto-exploring this place.
 F = Levels seen in this place.
 G = Mean time per level.
                   A        B        C        D        E       F      G
               +--------+--------+--------+--------+--------+-----+--------+
         Total |   5048 |   4855 |    193 |    448 |   3199 |   5 | 1009.6 |
       Dungeon |   5048 |   4855 |    193 |    448 |   3199 |   5 | 1009.6 |
               +--------+--------+--------+--------+--------+-----+--------+

Top non-repeatable levels by time:
     D:4: 1425 daAuts
     D:2: 1010 daAuts
     D:3: 952 daAuts
     D:1: 949 daAuts
     D:5: 709 daAuts
